 Dungeon Crawl Stone Soup version 0.28-a0-1567-g1695149f81 (webtiles) character file.

Game seed: 6325052847625239170

487 Strat the Skirmisher (level 6, -1/52 HPs)
             Began as a Demigod Hunter on Jan 19, 2022.
             Killed by nerve-wracking pain
             ... invoked by a shadow imp
              (14 damage)
             ... on level 4 of the Dungeon.
             The game lasted 00:09:27 (5355 turns).

Strat the Skirmisher (Demigod Hunter)               Turns: 5355, Time: 00:09:28

Health: -1/52      AC:  9    Str: 21    XL:     6   Next: 58%
Magic:  8/8        EV: 10    Int: 13    God:
Gold:   231        SH:  0    Dex: 14    Spells: 2/5 levels left

rFire   . . .      SeeInvis .   b - +2 dagger (protect)
rCold   . . .      Faith    .   (no shield)
rNeg    . . .      Spirit   .   p - +0 scale mail
rPois   .          Reflect  .   B - +0 helmet
rElec   .          Harm     .   (no cloak)
rCorr   .          Rampage  .   (no gloves)
Will    .....                   n - +0 pair of boots
Stlth   ..........              (no amulet)
HPRegen 0.17/turn               j - ring of wizardry
MPRegen 0.11/turn               (no ring)

@: mighty, flying
A: high mp 1, forlorn, divine attributes
a: no special abilities


You were on level 4 of the Dungeon.
You visited 1 branch of the dungeon, and saw 5 of its levels.

You collected 231 gold pieces.

Inventory:

Hand Weapons
 a - a +0 hunting sling
 b - a +2 dagger of protection (weapon)
 k - a +0 short sword
Missiles
 c - 6 javelins
 d - 2 throwing nets
 f - 87 stones
 o - 2 silver boomerangs
 q - 3 datura-tipped darts
 w - 5 poisoned darts (quivered)
 y - 20 sling bullets
 D - 2 boomerangs
Armour
 g - a +0 leather armour
 n - a +0 pair of boots (worn)
 p - a +0 scale mail (worn)
 v - the +2 cloak of the Sunfish {Harm rPois rCorr}
   (You found it on level 3 of the Dungeon)

   rPois:     It protects you from poison.
   rCorr:     It protects you from acid and corrosion.
   Harm:      It increases damage dealt and taken.
 B - a +0 helmet (worn)
Jewellery
 j - a ring of wizardry (left hand)
Wands
 z - a wand of iceblast (3)
Scrolls
 e - a scroll of blinking {unknown}
 h - 3 scrolls of identify
 i - a scroll of noise {unknown}
 s - a scroll of enchant armour {unknown}
 u - a scroll of fear {unknown}
 A - a scroll of teleportation {unknown}
 C - a scroll of fog {unknown}
Potions
 m - a potion of resistance {unknown}
 r - a potion of flight
 t - a potion of ambrosia {unknown}
 x - a potion of curing {unknown}


   Skills:
 - Level 4.0 Fighting
 + Level 2.3 Short Blades
 - Level 3.6 Throwing
 + Level 3.8 Armour
 - Level 1.7 Dodging
 - Level 0.8 Stealth
 + Level 2.3 Hexes


You had 2 spell levels left.
You knew the following spells:

 Your Spells              Type           Power      Damage    Failure   Level
a - Confusing Touch       Hex            6%         N/A       34%         3

Your spell library contained the following spells:

 Spells                   Type           Power      Damage    Failure   Level
 Slow                     Hex            24%        N/A       12%         1
 Ensorcelled Hibernation  Hex/Ice        6%         N/A       28%         2
 Spider Form              Tmut/Pois      0%         N/A       65%         3
 Vampiric Draining        Necr           0%         2d6       65%         3
 Anguish                  Hex/Necr       1%         N/A       86%         4


Dungeon Overview and Level Annotations

Branches:
Dungeon (5/15)
 Temple: D:4-7


Innate Abilities, Weirdness & Mutations

You have an increased reservoir of magic. (+10% MP)
You shall have no god before yourself.
Your divine heritage dramatically boosts your attributes as you level up.


Message History

You hit the iguana.
Your weapon exudes an aura of protection.
The iguana is moderately wounded.
The shadow imp picks up a beetle and eats it.
The shadow imp hits you. The iguana bites you.
There is a stone staircase leading up here.
The shadow imp barely misses you.
The iguana bites you but does no damage.
You climb upwards.
There is a stone staircase leading down here.
The shadow imp spits at you. The shadow imp gestures at you.
Pain shoots through your body!
* * * LOW HITPOINT WARNING * * *
The worm bites you.
* * * LOW HITPOINT WARNING * * *
The iguana closely misses you. The shadow imp gestures at you.
Pain shoots through your body!
* * * LOW HITPOINT WARNING * * *
The shadow imp gestures at you. Pain shoots through your body!
* * * LOW HITPOINT WARNING * * *
Okay, then.
Okay, then.
It was a potion of flight.
You feel very buoyant.
You fly up into the air.
The iguana barely misses you.
As you read the scroll labelled TIOMEU ULUD, it crumbles to dust.
It is a scroll of identify.
l - a potion of might The shadow imp hits you but does no damage.
The iguana bites you but does no damage.
You feel very mighty all of a sudden.
The shadow imp hits you but does no damage.
The iguana barely misses you.
You closely miss the shadow imp. The shadow imp gestures at you.
Pain shoots through your body!
You die...

#.....#'##### ######
#...........# #....#
#...........#### #....#
#..............# #....#
#.....#.##.)[..# #....#
#..>..#.##.....# #..).#
#######.##.....#
#....#############.#########
#..)>....wl@................
#........[5.................
############################


You could see a worm, an iguana and a shadow imp.

Vanquished Creatures
  An orc warrior (D:4)
  A scorpion (D:4)
  A hound (D:4)
  A centaur skeleton (D:4)
  Jessica (D:2)
  2 orc wizards
  An iguana (D:4)
  Robin (D:4)
  4 adders
  An ufetubus (D:3)
  A worm (D:3)
  2 dart slugs (D:1)
  12 orcs
  3 bats
  4 endoplasms
  4 giant cockroaches
  18 goblins
  10 hobgoblins
  7 jackals
  6 kobolds
  A quokka (D:1)
  6 ball pythons
  4 frilled lizards
  8 rats
100 creatures vanquished.

Vanquished Creatures (others)
  A plant (D:1)
1 creature vanquished.

Grand Total: 101 creatures vanquished

Notes
Turn   | Place    | Note
-------+----------+-------------------------------------------
     0 | D:1      | Strat the Demigod Hunter began the quest for the Orb.
     0 | D:1      | Reached XP level 1. HP: 17/17 MP: 3/3
   239 | D:1      | Reached skill level 2 in Fighting
   477 | D:1      | Reached XP level 2. HP: 8/25 MP: 4/4
  1270 | D:1      | Reached skill level 3 in Fighting
  1530 | D:2      | Reached XP level 3. HP: 28/31 MP: 5/5
  1907 | D:2      | Noticed Jessica
  2220 | D:2      | Identified the +1 robe of Sophism {rElec rPois}
  2297 | D:2      | Reached skill level 4 in Fighting
  2515 | D:2      | Killed Jessica
  2516 | D:2      | Reached skill level 1 in Armour
  2516 | D:2      | Reached XP level 4. HP: 40/40 MP: 6/6
  2962 | D:3      | Identified the +2 cloak of the Sunfish {Harm rPois rCorr}
  3782 | D:4      | Reached XP level 5. HP: 46/46 MP: 7/7
  3786 | D:4      | Learned a level 3 spell: Confusing Touch
  3904 | D:4      | Noticed an orc warrior
  4135 | D:3      | Reached skill level 1 in Short Blades
  4135 | D:3      | Reached skill level 1 in Hexes
  4282 | D:4      | Noticed Robin
  4321 | D:4      | Killed Robin
  4580 | D:4      | Killed an orc warrior
  4581 | D:4      | Reached XP level 6. HP: 52/52 MP: 8/8
  4860 | D:5      | Entered Level 5 of the Dungeon
  5355 | D:4      | Killed from afar by a shadow imp

Illustrated notes

Levels and vault maps discovered:
D:1:      nagdon_arrival_zigzag_paths, layout_rooms,
          dreamdust_ecumenical_altar_sealed_demon, hex_intersection,
          corner_web_ring
D:2:      layout_loops_ring, uniq_jessica
D:3:      layout_rooms, nicolae_overflow_ecumenical_swirl,
          minmay_misc_feat_pillars, serial_bayou_pond_c
D:4:      layout_basic, chequers_serial_rivers_micro_a, uniq_robin
D:5:      layout_basic, minmay_temple_entry_proselytizer, nrook_campfire,
          kennysheep_pointless_box, minmay_manual_moon

Skill      XL: |  1  2  3  4  5  6 |
---------------+-------------------+-----
Fighting       | 2 3 4 |  4.0
Armour         | 1 2 3 |  3.8
Short Blades   | 1 2 |  2.3
Hexes          | 1 2 |  2.3
Throwing       | |  3.6
Dodging        | |  1.7
Stealth        | |  0.8

Action                   |  1- 3 |  4- 6 || total
-------------------------+-------+-------++-------
Melee: Short sword       |    64 |       ||    64
       Dagger            |    36 |   297 ||   333
       Punch             |     1 |     5 ||     6
 Fire: Hunting sling     |    66 |    35 ||   101
Throw: Throwing net      |       |     1 ||     1
Evoke: Wand              |       |     3 ||     3
  Use: Potion            |       |     2 ||     2
       Scroll            |       |     1 ||     1
Armor: Leather armour    |    30 |       ||    30
       Scale mail        |       |   208 ||   208
Dodge: Dodged            |    63 |   175 ||   238

Table legend: (Time is in decaauts)
 A = Elapsed time spent in this place.
 B = Non-inter-level travel time spent in this place.
 C = Inter-level travel time spent in this place.
 D = Time resting spent in this place.
 E = Time spent auto-exploring this place.
 F = Levels seen in this place.
 G = Mean time per level.
                   A        B        C        D        E       F      G
               +--------+--------+--------+--------+--------+-----+--------+
         Total |   5352 |   5178 |    174 |   1474 |   2336 |   5 | 1070.4 |
       Dungeon |   5352 |   5178 |    174 |   1474 |   2336 |   5 | 1070.4 |
               +--------+--------+--------+--------+--------+-----+--------+

Top non-repeatable levels by time:
     D:4: 1483 daAuts
     D:1: 1461 daAuts
     D:3: 1248 daAuts
     D:2: 1137 daAuts
     D:5: 22 daAuts
